 Dungeon Crawl Stone Soup version 0.28.0-49-g6dfe1f597d (webtiles) character file.

Game seed: 15850086300576691882

238 Exodus22XD the Chopper (level 5, 0/47 HPs)
             Began as a Minotaur Fighter on May 20, 2022.
             Slain by an ogre
             ... wielding a +0 giant club
              (16 damage)
             ... on level 4 of the Dungeon.
             The game lasted 00:01:46 (2901 turns).

Exodus22XD the Chopper (Minotaur Fighter)           Turns: 2901, Time: 00:01:46

Health: 0/47       AC:  7    Str: 23    XL:     5   Next: 78%
Magic:  4/4        EV:  9    Int:  5    God:
Gold:   178        SH:  4    Dex:  9    Spells: 4/4 levels left

rFire   . . .      SeeInvis .   a - +0 war axe
rCold   . . .      Faith    .   c - +0 buckler
rNeg    . . .      Spirit   .   b - +0 scale mail
rPois   .          Reflect  .   (helmet restricted)
rElec   .          Harm     .   (no cloak)
rCorr   .          Rampage  .   (no gloves)
Will    .....                   (no boots)
Stlth   ..........              (no amulet)
HPRegen 0.15/turn               (no ring)
MPRegen 0.09/turn               (no ring)

@: no status effects
A: horns 2, retaliatory headbutt
a: no special abilities


You were on level 4 of the Dungeon.
You visited 1 branch of the dungeon, and saw 4 of its levels.

You collected 178 gold pieces.

Inventory:

Hand Weapons
 a - a +0 war axe (weapon)
Armour
 b - a +0 scale mail (worn)
 c - a +0 buckler (worn)
 p - a scarf of invisibility
Wands
 o - a wand of flame (13)
Scrolls
 f - 4 scrolls of identify {unknown}
 k - a scroll of enchant armour {unknown}
 m - 4 scrolls of teleportation {unknown}
Potions
 d - a potion of might
 e - a potion of magic {unknown}
 g - a potion of invisibility {unknown}
 h - a potion of flight {unknown}
 i - a potion of curing {unknown}
 j - a potion of berserk rage {unknown}
 l - a potion of attraction {unknown}
 n - 2 potions of cancellation {unknown}


   Skills:
 + Level 4.6 Fighting
 + Level 5.4 Axes
 + Level 5.0 Armour
 + Level 4.2 Shields


You had 4 spell levels left.
You didn't know any spells.
Your spell library was empty.

Dungeon Overview and Level Annotations

Branches:
Dungeon (4/15)
 Temple: D:4-7

Altars:
Elyvilon
Sif Muna


Innate Abilities, Weirdness & Mutations

You have a pair of horns on your head.
You reflexively headbutt those who attack you in melee.


Message History

No target in view!
There is a stone staircase leading down here.
You see here 5 stones.
Found an embroidered scarf.
No target in view!
You now have 173 gold pieces (gained 14).
Found 16 stones.
No target in view!
A hobgoblin comes into view.
Found a scroll labelled SOAJOKL SEISKA.
You hit the hobgoblin but do no damage. You headbutt the hobgoblin.
You kill the hobgoblin!
You see here a scarf of invisibility.
p - a scarf of invisibility
Okay, then.
Found 11 arrows and 31 stones.
You now have 178 gold pieces (gained 5).
You open the door.
There is an open door here.
An ogre comes into view. It is wielding a +0 giant club.
Found an Inescapable Atlas.
The ogre shouts!
An ogre is nearby!
The ogre hits you with a +0 giant club!!
Ouch! That really hurt!
An ogre is nearby!
You are too injured to fight recklessly!
You barely miss the ogre. You headbutt the ogre.
The ogre is lightly wounded.
The ogre barely misses you.
You barely miss the ogre.
The ogre is lightly wounded.
The ogre hits you with a +0 giant club!
You slash the ogre!
The ogre is moderately wounded.
The ogre barely misses you.
You closely miss the ogre.
The ogre is moderately wounded.
The ogre hits you with a +0 giant club!
You die...

...> #.#....... ####
.##.#. #.######## ...#.
#.# .!.. #.# ... #.# ..
#.# #.## #.# #.O# #.#
#### #.@## #.# #...
#.####...######.#####...
#...................'...
######.#.######.#####...
#########
.....................##
.........
:..........###.#####...
#..######
#####.##.#.#...........
#..#
####......#.#.........
#..#
#........##.#.########


You could see an ogre.

Vanquished Creatures
  A centaur zombie (D:4)
  A gnoll shaman (D:3)
  An orc wizard (D:3)
  6 gnolls (D:3)
  3 adders
  2 worms
  2 dart slugs
  3 orcs (D:3)
  3 ball pythons
  2 bats
  6 endoplasms
  2 giant cockroaches
  7 goblins
  2 hobgoblins
  A quokka (D:3)
  9 frilled lizards
  3 kobolds (D:2)
  3 rats
57 creatures vanquished.

Vanquished Creatures (others)
  3 plants (D:1)
3 creatures vanquished.

Grand Total: 60 creatures vanquished

Notes
Turn   | Place    | Note
-------+----------+-------------------------------------------
     0 | D:1      | Exodus22XD the Minotaur Fighter began the quest for the
                  | Orb.
     0 | D:1      | Reached XP level 1. HP: 19/19 MP: 0/0
   196 | D:1      | Reached XP level 2. HP: 21/27 MP: 1/1
   891 | D:2      | Reached XP level 3. HP: 32/33 MP: 2/2
  1738 | D:3      | Reached XP level 4. HP: 38/40 MP: 3/3
  2043 | D:3      | Identified the +1 robe "Peaclom" {Str+3 Stlth+}
  2047 | D:3      | Reached XP level 5. HP: 47/47 MP: 4/4
  2326 | D:4      | Reached skill level 5 in Axes
  2460 | D:4      | Found a shimmering blue altar of Sif Muna.
  2460 | D:4      | Found a white marble altar of Elyvilon.
  2669 | D:4      | Reached skill level 5 in Armour
  2894 | D:4      | Noticed an ogre
  2901 | D:4      | Slain by an ogre

Illustrated notes

Levels and vault maps discovered:
D:1:      psy_arrival_fountain, layout_basic, minmay_lizard_king
D:2:      layout_rooms
D:3:      layout_loops_cross
D:4:      layout_basic, gammafunk_temple_overflow_claw

Skill      XL: |  1  2  3  4  5 |
---------------+----------------+-----
Armour         | 4 5 |  5.0
Fighting       | 4 |  4.6
Shields        | 4 |  4.2
Axes           | 3 4 5 |  5.4

Action                   |  1- 3 |  4- 6 || total
-------------------------+-------+-------++-------
Melee: War axe           |    67 |    60 ||   127
       Headbutt          |    11 |    10 ||    21
Armor: Scale mail        |    37 |    36 ||    73
Dodge: Dodged            |    30 |    20 ||    50
Block: Buckler           |     8 |     9 ||    17
